 Dungeon Crawl Stone Soup version 0.32-a0-42-ga30500b4d3 (webtiles) character file.

Game seed: 3618219857320931960

450 kae the Ruffian (level 6, -5/46 HPs)
             Began as a Demonspawn Shapeshifter on Jan 30, 2024.
             Slain by an iguana (10 damage)
             ... on level 4 of the Dungeon.
             The game lasted 00:03:13 (3609 turns).

kae the Ruffian (Demonspawn Shapeshifter)           Turns: 3609, Time: 00:03:13

Health: -5/46      AC:  3    Str: 15    XL:     6   Next: 74%
Magic:  6/6        EV: 13    Int: 10    God:
Gold:   187        SH:  0    Dex: 20    Spells: 5/5 levels left

rFire   + .          .
                       - Unarmed
rCold   . . .        (no shield)
rNeg    . . .        a - +1 animal skin
rPois   +            (helmet currently unavailable)
rElec   .            (cloak currently unavailable)
rCorr   .            (gloves currently unavailable)
SInv    .            (boots currently unavailable)
Will    .....        g - amulet of regeneration
Stlth   ++           k - ring "Wabushao" {rPois rF+ Dex+6}
HPRegen 1.07/turn    (no ring)
MPRegen 0.10/turn

%: no passive effects
@: beast-form
A: beast (slay +2), demonic guardian 1, demonic magic 1
a: Begin Untransformation


You were on level 4 of the Dungeon.
You were a hulking beast.
You visited 2 branches of the dungeon, and saw 5 of its levels.

You collected 187 gold pieces.


Innate Abilities, Weirdness & Mutations

You are a hulking beast.
Your limbs bulge with bestial killing power. (Slay +2)
A weak demonic guardian rushes to your aid.
Spells you cast may paralyse adjacent enemies.


   Skills:
 + Level 2.8 Fighting
 + Level 2.9 Dodging
 * Level 4.7 Unarmed Combat
 * Level 4.3 Shapeshifting


You had 5 spell levels left.
You didn't know any spells.
Your spell library contained the following spells:

 Spells                   Type           Power      Damage    Failure   Level
 Hailstorm                Conj/Ice       0%         3d5       75%         3
 Ozocubu's Armour         Ice            0%         N/A       75%         3
 Summon Ice Beast         Ice/Summ       0%         N/A       75%         3
 Metabolic Englaciation   Hex/Ice        0%         N/A       100%        5
 Summon Forest            Summ/Tloc      0%         N/A       100%        5
 Eringya's Noxious Bog    Alch           0%         4d6       100%        6
 Sculpt Simulacrum        Ice/Alch       0%         N/A       100%        6
 Summon Hydra             Summ           0%         N/A       100%        7

Inventory:

Missiles
 n - 23 stones (quivered)
 u - a boomerang
 y - 4 poisoned darts
Armour
 a - a +1 animal skin (worn)
 m - a +0 cloak
   (You found it on level 1 of the Dungeon)
Jewellery
 g - an amulet of regeneration (around neck)
   (You found it on level 1 of the Dungeon)
 k - the ring "Wabushao" (left hand) {rPois rF+ Dex+6}
   (You acquired it on level 3 of the Dungeon)

   [ring of dexterity]

   Dex+6:     It affects your dexterity (+6).
   rF+:       It protects you from fire.
   rPois:     It protects you from poison
 T - an amulet of faith {!P}
   (You found it on level 1 of the Dungeon)
Talismans
 c - a beast talisman
 d - a flux talisman
Wands
 o - a wand of paralysis (7)
   (You took it off Ijyb on level 3 of the Dungeon)
 v - a wand of iceblast (13)
   (You found it on level 3 of the Dungeon)
Scrolls
 h - a scroll of teleportation {@r4}
 p - a scroll of noise {!r}
 q - 2 scrolls of identify {@r1}
 s - a scroll of vulnerability {!r!r}
 t - a scroll of brand weapon
 x - a scroll of poison
Potions
 b - 2 potions of lignification {!q}
 e - a potion of brilliance {unknown}
 f - a potion of magic {unknown}
 i - a potion of degeneration {unknown}
 j - 2 potions of haste {unknown}
 l - 2 potions of heal wounds {unknown}
 r - 2 potions of might {unknown}
 w - 2 potions of resistance {unknown}

Dungeon Overview and Level Annotations

Branches:
Dungeon (4/15) Zot: 20406  Temple (1/1) D:4 Zot: 5998

Altars:
Cheibriados
Dithmenos
Fedhas
Gozag
Hepliaklqana
Kikubaaqudgha
Makhleb
Nemelex Xobeh
Okawaru
Qazlal
Trog
Uskayaw
Vehumet
Yredelemnul

Shops:
D:1 * D:2

= #.# #.###.###.# #.#
#.........# ..#
#####.##### ### ##'##
##...## ## ##.....## #
.## ##.......## #.#.#
..####.........###......
.....+.........5hl.....#
..####.........###......
.## ##.......## #.##. ##
##..>..## .. ##†..## [
##+##


You could see an iguana (ally target) and a friendly ufetubus (summoned).


Message History

There is an open door here.
There is an open door here.
Key pressed, stopping explore.
Unknown command.
You now have 153 gold pieces (gained 10).
w - 2 glowing coppery potions You now have 163 gold pieces (gained 10).
Found an escape hatch in the ceiling.
No target in view!
No target in view!
x - a scroll of poison No target in view!
No target in view!
You now have 172 gold pieces (gained 9).
You now have 187 gold pieces (gained 15).
q - 2 scrolls of identify {@r1} (gained 1)
An adder comes into view.
An adder is nearby!
The helpless adder fails to defend itself.
You punch the adder!
You kill the adder!
A kobold comes into view. It is wielding a +0 whip.
The kobold shouts!
A kobold is nearby!
The kobold hits you with a +0 whip. 😕 HP[-3]
You take 3 damage, and now have 43/46 hp.
A kobold is nearby!
You hit the kobold.
You kill the kobold!
No target in view! 😕 HP[+1]
n - 23 stones (gained 4)
Things that are here:
a +0 whip; a kobold corpse
There is an open door here.
You open the door.
There is an open door here.
Key pressed, stopping explore.
No target in view!
No target in view! 😎 HP[+2]
Your hp is fully restored (46).
You open the door.
There is an open door here.
Found a stone staircase leading down.
No target in view!
No target in view!
A hobgoblin comes into view.
You see here 4 poisoned darts.
A hobgoblin is nearby!
A hobgoblin is nearby!
There is a stone staircase leading down here.
A hobgoblin is nearby!
A hobgoblin is nearby!
The helpless hobgoblin fails to defend itself.
You hit the hobgoblin. The hobgoblin barely misses you.
You hit the hobgoblin.
You kill the hobgoblin!
No target in view!
No target in view!
y - 4 poisoned darts No target in view!
No target in view!
As you open the door, it creaks loudly!
An iguana comes into view.
The iguana hisses angrily.
An iguana is nearby!
There is an open door here.
An iguana is nearby!
You hit the iguana but do no damage. The iguana bites you.
You hit the iguana. 😕 HP[-3]
You take 3 damage, and now have 43/46 hp.
An iguana is nearby!
You barely miss the iguana. The iguana barely misses you.
You hit the iguana. The iguana bites you! 😮 HP[-12]
You take 12 damage, and now have 31/46 hp.
MASSIVE DAMAGE!! (PAUSE)
You hit the iguana but do no damage. The iguana barely misses you. 😮 HP[+1]
You barely miss the iguana.
The iguana completely misses you. 😮 HP[+1]
You hit the iguana. The iguana bites you!
* * * LOW HITPOINT WARNING * * *
You barely miss the iguana. The iguana barely misses you.
You barely miss the iguana. The iguana barely misses you. 😮 HP[-9]
You take 9 damage, and now have 24/46 hp.
You hit the iguana but do no damage. The iguana bites you!
* * * LOW HITPOINT WARNING * * *
You closely miss the iguana. The iguana misses you. 😨 HP[-9]
You take 9 damage, and now have 15/46 hp.
You hit the iguana. The iguana bites you!
* * * LOW HITPOINT WARNING * * *
A demonic guardian appears!
You hit the iguana but do no damage. The iguana bites you!
You die...

Skill      XL: |  1  2  3  4  5 |
---------------+----------------+-----
Unarmed Combat | 3 4 |  4.7
Shapeshifting  | 3 4 |  4.3
Dodging        | 2 |  2.9
Fighting       | 2 |  2.8

Action                     |  1- 3 |  4- 6 || total
---------------------------+-------+-------++-------
  Melee: Unarmed           |   104 |   160 ||   264
         Punch             |     1 |     7 ||     8
    Use: Scroll            |       |    10 ||    10
   Stab: Sleeping          |     1 |     4 ||     5
         Distracted        |       |     3 ||     3
 Armour: Animal skin       |    54 |   103 ||   157
  Dodge: Dodged            |    73 |    94 ||   167

Levels and vault maps discovered:
D:1:      lemuel_arrival_broad_hall, layout_basic, serial_shops, shop,
          minmay_misc_feat_encased, minmay_misc_feat_cross,
          minmay_tiny_reverse_x
D:2:      layout_loops_corners, serial_shops, nicolae_shop_stone,
          roderic_roman_lattice, fountainhead,
          nicolae_concentric_dashed_squares_mild, amethyst_killhole,
          uniq_natasha
D:3:      layout_basic, uniq_ijyb, uniq_pargi
D:4:      layout_loops_corners, mainiacjoe_overflow_brackets,
          mainiacjoe_overflow_alcove_4, minmay_temple_entry_enclosed_plants
Temple:   dshaligram_water_room_temple

Notes
Turn   | Place    | Note
-------+----------+-------------------------------------------
     0 | D:1      | kae the Demonspawn Shapeshifter began the quest for the
                  | Orb.
     0 | D:1      | Reached XP level 1. HP: 15/15 MP: 1/1
     0 | D:1      | magus.rc [v1.11.3]
   212 | D:1      | Found Syap's General Store.
   361 | D:1      | Gained mutation: A weak demonic guardian rushes to your
                  | aid. [demonic ancestry]
   361 | D:1      | Reached XP level 2. HP: 21/21 MP: 2/2
   373 | D:1      | Reached skill level 3 in Unarmed Combat
   979 | D:2      | Reached skill level 3 in Shapeshifting
  1166 | D:2      | Reached XP level 3. HP: 26/26 MP: 3/3
  1352 | D:2      | Found Hacyaf's Jewellery Boutique.
  1533 | D:2      | Noticed Natasha
  1543 | D:2      | Killed Natasha
  1544 | D:2      | Reached skill level 2 in Dodging
  1544 | D:2      | Reached XP level 4. HP: 13/33 MP: 4/4
  1727 | D:2      | You pick up a book of Winter and begin reading...
  1727 | D:2      | You add the spells Ozocubu's Armour, Metabolic Englaciation
                  | and Sculpt Simulacrum to your library.
  1759 | D:2      | Noticed Natasha
  1767 | D:2      | Killed Natasha
  1768 | D:2      | Reached skill level 2 in Fighting
  1972 | D:2      | Noticed Natasha
  1977 | D:2      | Killed Natasha
  2078 | D:3      | Identified a scroll of acquirement
  2078 | D:3      | Acquired the ring "Wabushao" {rPois rF+ Dex+6}
  2082 | D:3      | Noticed Ijyb
  2101 | D:3      | Paralysed by Ijyb for 3 turns
  2118 | D:2      | Reached XP level 5. HP: 37/38 MP: 5/5
  2203 | D:3      | You add the spells Summon Forest, Eringya's Noxious Bog and
                  | Summon Hydra to your library.
  2298 | D:3      | Paralysed by Ijyb for 2 turns
  2316 | D:3      | Killed Ijyb
  2331 | D:3      | Noticed Pargi
  2341 | D:3      | Reached skill level 4 in Unarmed Combat
  2356 | D:3      | Killed Pargi
  2357 | D:3      | Reached skill level 4 in Shapeshifting
  2357 | D:3      | Gained mutation: Spells you cast may paralyse adjacent
                  | enemies. [demonic ancestry]
  2357 | D:3      | Reached XP level 6. HP: 22/46 MP: 6/6
  2444 | D:3      | HP: 10/46 [orc/+0 mace (4)]
  2449 | D:3      | HP: 11/46 [orc/+0 hand axe (4)]
  2858 | D:3      | You pick up a book of the Tundra and begin reading...
  2858 | D:3      | You add the spells Hailstorm and Summon Ice Beast to your
                  | library.
  2944 | D:4      | Identified the +3 mace of Wekaipiz {freeze, Str+6 Int+3}
  3001 | D:4      | Found a basalt altar of Yredelemnul.
  3246 | D:4      | Found a blossoming altar of Fedhas.
  3266 | D:4      | Found a staircase to the Ecumenical Temple.
  3304 | Temple   | Entered the Ecumenical Temple
  3608 | D:4      | HP: 4/46 [iguana (12)]
  3609 | D:4      | Slain by an iguana

Vanquished Creatures
  A bombardier beetle (D:2)
  An orc priest (D:3)
  Natasha (thrice) (D:2)
  2 orc wizards (D:4)
  4 adders
  A dart slug (D:1)
  3 ribbon worms
  5 orcs
  A ball python (D:4)
  6 endoplasms
  3 giant cockroaches
  3 goblins
  7 hobgoblins
  4 kobolds
  4 quokkas
  7 bats
  3 rats
58 creatures vanquished.

Vanquished Creatures (collateral kills)
  Pargi (D:3)
  A hound (D:4)
  Ijyb (D:3)
  4 orcs
  A giant cockroach (D:4)
8 creatures vanquished.

Grand Total: 66 creatures vanquished

Table legend:
 A = Non-vault XP
 B = Vault XP
 C = Vault XP percentage of total XP
 D = Non-vault monster count
 E = Vault monster count
 F = Vault count percentage of total count
                 A         B        C        D         E       F
            +---------+---------+-------+---------+---------+-------
      Total |     433 |     211 |  32.8 |      61 |       5 |   7.6
            +---------+---------+-------+---------+---------+-------
        D:1 |      18 |       4 |  18.2 |       9 |       2 |  18.2
        D:2 |     170 |      35 |  17.1 |      25 |       1 |   3.8
        D:3 |      67 |     172 |  72.0 |      11 |       2 |  15.4
        D:4 |     178 |       0 |   0.0 |      16 |       0 |   0.0
            +---------+---------+-------+---------+---------+-------

Skill      XL: |  1  2  3  4  5 |
---------------+----------------+-----
Unarmed Combat | 3 4 |  4.7
Shapeshifting  | 3 4 |  4.3
Dodging        | 2 |  2.9
Fighting       | 2 |  2.8

Action                     |  1- 3 |  4- 6 || total
---------------------------+-------+-------++-------
  Melee: Unarmed           |   104 |   160 ||   264
         Punch             |     1 |     7 ||     8
    Use: Scroll            |       |    10 ||    10
   Stab: Sleeping          |     1 |     4 ||     5
         Distracted        |       |     3 ||     3
 Armour: Animal skin       |    54 |   103 ||   157
  Dodge: Dodged            |    73 |    94 ||   167

Illustrated notes

Table legend:
 A = Kills in this place as a percentage of kills in the entire game.
 B = Kills by you in this place as a percentage of kills by you in the entire game.
 C = Kills by friends in this place as a percentage of kills by friends in the entire game.
 D = Other kills in this place as a percentage of other kills in the entire game.
 E = Experience gained in this place as a percentage of experience gained in the entire game.
 F = Experience gained in this place divided by the number of levels of this place that you have seen.
                   A       B       C       D       E      F
               +-------+-------+-------+-------+-------+----------------------
         Total | 100.0 | 100.0 | 100.0 |   N/A | 100.0 | 128.8
       Dungeon | 100.0 | 100.0 | 100.0 |   N/A | 100.0 | 161.0
               +-------+-------+-------+-------+-------+----------------------

Table legend: (Time is in decaauts)
 A = Elapsed time spent in this place.
 B = Non-inter-level travel time spent in this place.
 C = Inter-level travel time spent in this place.
 D = Time resting spent in this place.
 E = Time spent auto-exploring this place.
 F = Levels seen in this place.
 G = Mean time per level.
                   A        B        C        D        E       F      G
               +--------+--------+--------+--------+--------+-----+--------+
         Total |   3594 |   3336 |    258 |    113 |   2653 |   5 |  718.8 |
       Dungeon |   3592 |   3334 |    258 |    113 |   2653 |   4 |  898.0 |
        Temple |      1 |      1 |      0 |      0 |      0 |   1 |    1.0 |
               +--------+--------+--------+--------+--------+-----+--------+

Top non-repeatable levels by time:
     D:2: 1178 daAuts
     D:1: 958 daAuts
     D:3: 760 daAuts
     D:4: 694 daAuts
  Temple: 1 daAuts
